 Dungeon Crawl Stone Soup version 0.29.0-11-gd7f09526c8 (webtiles) character file.

Game seed: 2286786211530530521

77 sanka the Ruffian (level 4, 0/44 HPs)
             Began as a Troll Cinder Acolyte on Sept 2, 2022.
             Was a High Priest of Ignis.
             Slain by Pikel
             ... wielding a +0 whip of electrocution
              (16 damage)
             ... on level 4 of the Dungeon.
             The game lasted 00:01:38 (1295 turns).

sanka the Ruffian (Troll Cinder Acolyte)            Turns: 1295, Time: 00:01:38

Health: 0/44       AC: 13    Str: 24    XL:     4   Next: 13%
Magic:  0/4        EV:  9    Int: 10    God:    Ignis [*****.]
Gold:   121        SH:  0    Dex:  5    Spells: 5/5 levels left

rFire   + . .      SeeInvis .     - Unarmed
rCold   . . .      Faith    .   (no shield)
rNeg    . . .      Spirit   +   a - +0 robe
rPois   .          Reflect  .   k - +2 hat
rElec   .          Harm     .   (no cloak)
rCorr   .          Rampage  .   (gloves unavailable)
Will    .....                   (boots unavailable)
Stlth   +.........              h - amulet of guardian spirit
HPRegen 0.94/turn               (no ring)
MPRegen 0.09/turn               (no ring)

@: fiery-armoured
A: large, unfitting armour, claws 3, regeneration 1, shaggy fur 1, tough skin 1
a: Renounce Religion, Fiery Armour, Foxfire Swarm, Rising Flame


You were on level 4 of the Dungeon.
You worshipped Ignis.
Ignis was extremely pleased with you.
You visited 1 branch of the dungeon, and saw 3 of its levels.

You collected 121 gold pieces.


Innate Abilities, Weirdness & Mutations

You are too large for most types of armour.
You have claws for hands.
Your natural rate of healing is unusually fast.
You are covered in fur. (AC +1)
You have tough skin. (AC +1)


   Skills:
 - Level 2.4 Fighting
 + Level 5.0 Unarmed Combat
 - Level 1.0 Spellcasting
 - Level 2.1 Fire Magic


You had 5 spell levels left.
You didn't know any spells.
Your spell library contained the following spells:

 Spells                   Type           Power      Damage    Failure   Level
 Scorch                   Fire           8%         2d5       22%         2
 Dazzling Flash           Conj/Hex       0%         N/A       71%         3
 Iskenderun's Mystic Bla  Conj/Tloc      0%         2d3       98%         4
 Starburst                Conj/Fire      1%         6d3       100%        6

Inventory:

Armour
 a - a +0 robe (worn)
 k - a +2 hat (worn)
Jewellery
 h - an amulet of guardian spirit (around neck)
 m - a ring of willpower
Scrolls
 i - a scroll of identify {unknown}
 j - a scroll of brand weapon {unknown}
 n - a scroll of poison {unknown}
Potions
 b - a potion of ambrosia {unknown}
 c - 3 potions of might {unknown}
 d - 2 potions of mutation {unknown}
 e - 2 potions of curing {unknown}
 f - a potion of heal wounds {unknown}
 g - a potion of berserk rage {unknown}
 l - a potion of haste {unknown}

Dungeon Overview and Level Annotations

Branches:
Dungeon (2/15)

Altars:

Annotations:
D:4 Pikel

▒▒▒▒▒
▒▒▒▒▒▒▒▒▒▒▒▒▒▒▒▒▒▒▒...▒
▒......5..............▒
▒.....TK.5............▒
▒......5..▒▒▒▒.........
▒.........▒ ▒▒.........
▒........▒▒ ▒..........
▒........▒ ▒▒..........
▒..▒▒▒▒▒▒▒ ▒...........
▒..▒ ▒........... ▒▒▒▒
▒...........
▒...........


You could see Pikel and 3 lemures.


Message History

The lemure is lightly wounded.
You scratch Pikel but do no damage.
Pikel is moderately wounded.
The lemure hits you but does no damage.
Pikel says, "You'll make a fine lemure."
Pikel hits you with a +0 whip of electrocution.
Pikel is burned by your cloak of flames.
Pikel is heavily wounded.
The lemure hits you but does no damage.
The lemure is burned by your cloak of flames.
The lemure is moderately wounded.
You barely miss Pikel.
Pikel is heavily wounded.
You barely miss Pikel.
Pikel is heavily wounded.
Pikel hits you with a +0 whip of electrocution.
You are electrocuted!!
* * * LOW HITPOINT WARNING * * *
Pikel is burned by your cloak of flames.
Pikel is heavily wounded.
The lemure barely misses you. The lemure hits you.
* * * LOW HITPOINT WARNING * * *
The lemure is burned by your cloak of flames.
The lemure is heavily wounded.
You scratch Pikel.
Pikel is severely wounded.
Pikel hits you but does no damage.
You are electrocuted!
You die...

Action                   |  1- 3 |  4- 6 || total
-------------------------+-------+-------++-------
Melee: Unarmed           |   106 |    12 ||   118
Invok: Foxfire Swarm     |       |     1 ||     1
       Fiery Armour      |       |     1 ||     1
Armor: Robe              |    65 |    10 ||    75
Dodge: Dodged            |    39 |     9 ||    48

Levels and vault maps discovered:
D:1:      dpeg_arrival_erosion, layout_loops_cross,
          dreamdust_ecumenical_altar_grove
D:2:      layout_rooms, bh_walls_and_bars
D:4:      kennysheep_six_static_rooms, layout_cave_pods,
          nicolae_gozag_seed_capital, uniq_pikel

Notes
Turn   | Place    | Note
-------+----------+-------------------------------------------
     0 | D:1      | sanka the Troll Cinder Acolyte began the quest for the Orb.
     0 | D:1      | Reached XP level 1. HP: 22/22 MP: 1/1
   213 | D:1      | Reached XP level 2. HP: 29/29 MP: 2/2
   443 | D:1      | Found a faded altar of an unknown god.
   727 | D:2      | Reached skill level 4 in Unarmed Combat
   754 | D:2      | Reached XP level 3. HP: 36/36 MP: 1/3
  1177 | D:4      | Reached skill level 5 in Unarmed Combat
  1177 | D:4      | Reached XP level 4. HP: 42/44 MP: 4/4
  1250 | D:4      | Noticed a lemure
  1251 | D:4      | Noticed Pikel
  1253 | D:4      | Noticed a lemure
  1260 | D:4      | Noticed a lemure
  1295 | D:4      | Slain by Pikel

Vanquished Creatures
  A jelly (D:4)
  An adder (D:2)
  An ufetubus (D:4)
  An endoplasm (D:1)
  A giant cockroach (D:2)
  2 goblins (D:2)
  3 hobgoblins (D:2)
  2 jackals (D:1)
  A quokka (D:1)
  3 ball pythons
  6 bats
  3 frilled lizards (D:2)
  5 kobolds (D:1)
  5 rats
35 creatures vanquished.

Vanquished Creatures (others)
  10 foxfires (D:4)
10 creatures vanquished.

Grand Total: 45 creatures vanquished
